 Dungeon Crawl Stone Soup version 0.28-a0-691-gad6df49e81 (webtiles) character file.

Game seed: 5798290285569511434

2112 kae the Grappler (level 9, -9/75 HPs)
             Began as a Black Draconian Transmuter on Oct 21, 2021.
             Was an Initiate of Wu Jian.
             Mangled by Joseph (18 damage)
             ... on level 7 of the Dungeon.
             The game lasted 00:07:06 (7523 turns).

kae the Grappler (Black Draconian Transmuter)       Turns: 7523, Time: 00:07:07

Health: -9/75      AC:  9    Str: 13    XL:     9   Next: 8%
Magic:  12/12      EV: 12    Int: 25    God:    Wu Jian [......]
Gold:   281        SH:  5    Dex: 12    Spells: 4/12 levels left

rFire   . . .      SeeInvis +     - Unarmed
rCold   + . .      Faith    .   (no shield)
rNeg    . . .      Spirit   .   (armour unavailable)
rPois   .          Reflect  +   (helmet restricted)
rElec   +          Harm     .   f - +1 cloak
rCorr   .          Rampage  .   (no gloves)
Will    .....                   (no boots)
Stlth   +.........              j - amulet of Otzepegaga {Reflect Fly rC+ Int+3 SH+5 SInv}
HPRegen 0.22/turn               d - +6 ring of intelligence
MPRegen 0.13/turn               (no ring)

@: flying
A: breathe lightning, AC +7, unfitting armour, electricity resistance,
cold-blooded
a: Breathe Lightning, Renounce Religion


You were on level 7 of the Dungeon.
You worshipped Wu Jian.
Wu Jian was noncommittal.
You visited 1 branch of the dungeon, and saw 7 of its levels.

You collected 281 gold pieces.

Inventory:

Missiles
 g - a throwing net
Armour
 f - a +1 cloak (worn)
Jewellery
 a - an amulet of faith
 d - a +6 ring of intelligence (left hand)
 i - an amulet of magic regeneration
 j - the amulet of Otzepegaga (around neck) {Reflect Fly rC+ Int+3 SH+5 SInv}
   (You acquired it on level 4 of the Dungeon)

   [amulet of reflection]

   It reflects blocked missile attacks.
   Int:       It affects your intelligence (+3).
   rC:        It protects you from cold.
   SInv:      It lets you see invisible.
   Fly:       It grants you flight.
   SH:        It affects your SH (+5).
Wands
 q - a wand of paralysis (9)
Scrolls
 m - a scroll of fear
 n - a scroll of vulnerability {unknown}
 o - 3 scrolls of teleportation
 p - a scroll of identify
Potions
 b - 3 potions of heal wounds
 c - a potion of flight
 e - 6 potions of curing
 h - a potion of mutation {unknown}
 k - a potion of lignification
 l - a potion of cancellation {unknown}
 r - a potion of haste {unknown}


   Skills:
 + Level 5.7 Fighting
 - Level 1.7 Dodging
 * Level 8.1 Unarmed Combat
 - Level 2.0 Spellcasting
 + Level 5.5 Transmutations
 - Level 5.0 Ice Magic
 - Level 2.0 Poison Magic


You had 4 spell levels left.
You knew the following spells:

 Your Spells              Type           Power      Damage    Failure   Level
a - Beastly Appendage     Tmut           60%        N/A       1%          1
b - Spider Form           Tmut/Pois      10%        N/A       7%          3
c - Ice Form              Ice/Tmut       28%        N/A       13%         4

Your spell library contained the following spells:

 Spells                   Type           Power      Damage    Failure   Level
 Wereblood                Tmut           30%        N/A       1%          2
 Ignite Poison            Fire/Tmut/Pois 15%        N/A       12%         3
 Sublimation of Blood     Necr           1%         N/A       17%         2
 Mephitic Cloud           Conj/Pois/Air  5%         N/A       26%         3
 Petrify                  Tmut/Erth      16%        N/A       34%         4
 Irradiate                Conj/Tmut      8%         3d16      69%         5
 Freezing Cloud           Conj/Ice/Air   5%         6-21      85%         5


Dungeon Overview and Level Annotations

Branches:
Dungeon (7/15)             Temple (0/1) D:6

Altars:
Fedhas
Kikubaaqudgha
Sif Muna
Vehumet
Wu Jian

Annotations:
D:2 Sigmund
D:7 Joseph


Innate Abilities, Weirdness & Mutations

You can breathe wild blasts of lightning.
Your glossy black scales are hard. (AC +7)
You cannot fit into any form of body armour.
You are resistant to electric shocks. (rElec)
You are cold-blooded and may be slowed by cold attacks.


Message History

The orc hits you but does no damage.
You hit the orc. You freeze the orc.
The orc is severely wounded.
The orc hits you but does no damage.
You punch the orc! You freeze the orc.
You kill the orc!
The Council accepts your kill.
No target in view!
You warm up again.
Your +1 cloak unmelds from your body.
Things that are here:
a +0 club; an orc corpse
Found a scroll of identify.
Things that are here:
a +0 dagger; an orc corpse
Found an escape hatch in the ceiling.
n - a scroll labelled PAGHAT MOSMIW
p - a scroll of identify
o - 3 scrolls of teleportation (gained 1)
r - a purple potion
Found a club.
Joseph, a Mercenary comes into view.
He is wielding a +2 quarterstaff of distortion.
Joseph shouts!
Found 19 gold pieces.
Joseph unwields a +2 quarterstaff of distortion.
Its appearance distorts for a moment.
Joseph wields a +0 hunting sling.
Joseph shoots a sling bullet.
The sling bullet hits you!
Joseph shoots a sling bullet.
The sling bullet hits you!!
Joseph shoots a sling bullet.
The sling bullet hits you!
Okay, then.
Found a copper wand.
Joseph shoots a sling bullet.
The sling bullet hits you!
You lunge at Joseph.
You hit Joseph.
Joseph is lightly wounded.
Joseph unwields a +0 hunting sling.
Joseph wields a +2 quarterstaff of distortion.
Its appearance distorts for a moment.
Joseph hits you with a +2 quarterstaff of distortion!
* * * LOW HITPOINT WARNING * * *
Space warps horribly around you!!
You die...

#..#...........###
#..#............## .
##.....##..))...... ..
#.....###..........
#.###.....#.#..)...#.#.
##$...$......#......#.#)
#................####...
#................####...
.......@..........#.....
.......@.........†.....#
#...........#.......##..
###.......####.####..##.
#........ #. ......
#.......... .. .......
../.........#.. ....##..
.............. ......#..
......##..


You could see Joseph.

Vanquished Creatures
  A necrophage (D:7)
  3 ice beasts
  A black bear (D:6)
  2 ogres
  A centaur (D:3)
  A bullfrog (D:7)
  5 scorpions
  A wyvern skeleton (D:3)
  A water moccasin skeleton (D:5)
  2 centaur zombies (D:5)
  2 bullfrog skeletons
  2 hounds
  2 orc priests
  2 jellies
  A centaur skeleton (D:5)
  Jessica (D:3)
  An orc wizard (D:4)
  Robin (D:2)
  2 adders (D:5)
  6 gnolls
  A white imp (D:4)
  A worm (D:2)
  2 dart slugs
  11 orcs
  5 ball pythons
  6 endoplasms
  6 giant cockroaches
  9 hobgoblins
  2 jackals (D:1)
  6 kobolds
  2 quokkas
  5 bats
  2 frilled lizards
  6 goblins
  6 rats
108 creatures vanquished.

Vanquished Creatures (collateral kills)
  A cyclops (D:7)
  A centaur zombie (D:7)
2 creatures vanquished.

Vanquished Creatures (others)
  4 toadstools (D:1)
  2 withered plants (D:3)
6 creatures vanquished.

Grand Total: 116 creatures vanquished

Notes
Turn   | Place    | Note
-------+----------+-------------------------------------------
     0 | D:1      | kae the Draconian Transmuter began the quest for the Orb.
     0 | D:1      | Reached XP level 1. HP: 16/16 MP: 3/3
    41 | D:1      | Found a faded altar of an unknown god.
   102 | D:1      | Reached XP level 2. HP: 23/23 MP: 3/5
  1057 | D:2      | Noticed Robin
  1058 | D:2      | Reached XP level 3. HP: 29/29 MP: 4/6
  1103 | D:1      | Learned a level 3 spell: Spider Form
  1114 | D:2      | Killed Robin
  1803 | D:2      | Noticed Sigmund
  2497 | D:3      | Found a shimmering blue altar of Sif Muna.
  2545 | D:3      | Reached skill level 4 in Unarmed Combat
  2545 | D:3      | Reached skill level 1 in Poison Magic
  2545 | D:3      | Reached XP level 4. HP: 36/36 MP: 2/7
  2909 | D:3      | Noticed Jessica
  2919 | D:3      | Killed Jessica
  2920 | D:3      | Reached XP level 5. HP: 42/42 MP: 4/8
  2973 | D:3      | Learned a level 4 spell: Ice Form
  3188 | D:3      | Found a radiant altar of Vehumet.
  3408 | D:3      | Found an ancient bone altar of Kikubaaqudgha.
  3408 | D:3      | Noticed a centaur
  3416 | D:3      | Killed a centaur
  3417 | D:3      | Reached skill level 1 in Ice Magic
  3417 | D:3      | Reached XP level 6. HP: 26/51 MP: 5/9
  3663 | D:3      | Reached skill level 5 in Unarmed Combat
  4232 | D:4      | Found a blossoming altar of Fedhas.
  4446 | D:4      | Your scales start taking on a glossy black colour.
  4446 | D:4      | Reached XP level 7. HP: 57/57 MP: 3/10
  4446 | D:4      | Gained mutation: You are resistant to electric shocks.
                  | (rElec) [Black Draconian growth]
  4905 | D:4      | Identified a scroll of acquirement
  4905 | D:4      | Acquired the amulet of Otzepegaga {Reflect Fly rC+ Int+3
                  | SH+5 SInv}
  4953 | D:5      | Entered Level 5 of the Dungeon
  5176 | D:5      | Reached skill level 6 in Unarmed Combat
  5998 | D:5      | Reached XP level 8. HP: 61/66 MP: 8/11
  6224 | D:5      | Found an ornate altar of the Wu Jian Council.
  6230 | D:5      | Noticed a spectral centipede
  6230 | D:5      | Noticed a spectral black mamba
  6231 | D:5      | Became a worshipper of the Wu Jian Council
  6574 | D:6      | Found a staircase to the Ecumenical Temple.
  6930 | D:6      | Reached skill level 7 in Unarmed Combat
  6930 | D:6      | Reached skill level 5 in Ice Magic
  6974 | D:6      | Reached skill level 5 in Fighting
  7236 | D:7      | Noticed a cyclops
  7248 | D:7      | Killed a cyclops
  7249 | D:7      | Reached skill level 5 in Transmutations
  7421 | D:7      | Reached skill level 8 in Unarmed Combat
  7421 | D:7      | Reached XP level 9. HP: 74/74 MP: 7/12
  7518 | D:7      | Noticed Joseph
  7523 | D:7      | Mangled by Joseph

Illustrated notes

Levels and vault maps discovered:
D:1:      ldierk_walled_garden_2, layout_basic, basic_ecumenical_altar
D:2:      layout_loops_ring, uniq_robin, uniq_sigmund
D:3:      layout_loops_ring, marbit_many_paths, kiku_gazebo_garden_becter,
          general_overflow_altar, minmay_misc_feat_secret_circle, uniq_jessica
D:4:      layout_basic, fedhas_altar_3
D:5:      minmay_polygon_palace, layout_basic, pdpol_wu_jian_five_deadly_venoms
D:6:      layout_loops_cross, minmay_temple_entry_overgrown
D:7:      layout_cave_pools, uniq_harold, uniq_joseph, uniq_prince_ribbit1

Skill      XL: |  1  2  3  4  5  6  7  8 |
---------------+-------------------------+-----
Fighting       | 2 3 4 5 |  5.7
Unarmed Combat | 4 5 6 8 |  8.1
Poison Magic   | 1 2 |  2.0
Transmutations | 3 4 5 |  5.5
Ice Magic      | 1 2 4 5 |  5.0
Dodging        | |  1.7
Spellcasting   | |  2.0

Action                   |  1- 3 |  4- 6 |  7- 9 || total
-------------------------+-------+-------+-------++-------
Melee: Unarmed           |   108 |    90 |   148 ||   346
       Kick              |    10 |     6 |     3 ||    19
       Tailslap          |     2 |     3 |     7 ||    12
       Headbutt          |     5 |     4 |     3 ||    12
       Punch             |     1 |     1 |     1 ||     3
 Cast: Beastly Appendage |    23 |     9 |     2 ||    34
       Spider Form       |     2 |    12 |    12 ||    26
       Ice Form          |       |       |     4 ||     4
Invok: Lunge             |       |       |     4 ||     4
 Abil: Breathe Lightning |       |       |     1 ||     1
  Use: Scroll            |     3 |     1 |     5 ||     9
       Potion            |     1 |       |       ||     1
 Stab: Sleeping          |     1 |     1 |       ||     2
Armor: Skin              |    29 |    18 |    51 ||    98
Dodge: Dodged            |    78 |    69 |    88 ||   235
Block: Other             |       |       |    24 ||    24

Table legend: (Time is in decaauts)
 A = Elapsed time spent in this place.
 B = Non-inter-level travel time spent in this place.
 C = Inter-level travel time spent in this place.
 D = Time resting spent in this place.
 E = Time spent auto-exploring this place.
 F = Levels seen in this place.
 G = Mean time per level.
                   A        B        C        D        E       F      G
               +--------+--------+--------+--------+--------+-----+--------+
         Total |   7499 |   7316 |    183 |    150 |   6222 |   7 | 1071.3 |
       Dungeon |   7499 |   7316 |    183 |    150 |   6222 |   7 | 1071.3 |
               +--------+--------+--------+--------+--------+-----+--------+

Top non-repeatable levels by time:
     D:2: 1441 daAuts
     D:3: 1347 daAuts
     D:5: 1307 daAuts
     D:4: 1150 daAuts
     D:1: 1007 daAuts
     D:6: 948 daAuts
     D:7: 296 daAuts
